 Dungeon Crawl Stone Soup version 0.29.1-2-gbd0b4ee654 (webtiles) character file.

Game seed: 15307716636863092308

2 Insertrandomname the Conjurer (level 1, 0/13 HPs)
             Began as a Human Conjurer on Nov 5, 2022.
             Slain by a jackal (2 damage)
             ... on level 1 of the Dungeon.
             The game lasted 00:00:37 (224 turns).

Insertrandomname the Conjurer (Human Conjurer)       Turns: 224, Time: 00:00:37

Health: 0/13       AC:  2    Str:  7    XL:     1   Next: 44%
Magic:  0/3        EV: 12    Int: 18    God:
Gold:   3          SH:  0    Dex: 11    Spells: 3/4 levels left

rFire   . . .      SeeInvis .   (no weapon)
rCold   . . .      Faith    .   (no shield)
rNeg    . . .      Spirit   .   a - +0 robe
rPois   .          Reflect  .   (no helmet)
rElec   .          Harm     .   (no cloak)
rCorr   .          Rampage  .   (no gloves)
Will    .....                   (no boots)
Stlth   ++........              (no amulet)
HPRegen 0.04/turn               (no ring)
MPRegen 0.08/turn               (no ring)

@: no status effects
A: no striking features
a: no special abilities


You were on level 1 of the Dungeon.
You visited 1 branch of the dungeon, and saw 1 of its levels.

You collected 3 gold pieces.

Inventory:

Armour
 a - a +0 robe (worn)
Potions
 b - a potion of magic


   Skills:
 + Level 2.0 Dodging
 + Level 2.0 Stealth
 + Level 2.0 Spellcasting
 + Level 4.1 Conjurations


You had 3 spell levels left.
You knew the following spells:

 Your Spells              Type           Power      Damage    Failure   Level
a - Magic Dart            Conj           64%        1d6       3%          1

Your spell library contained the following spells:

 Spells                   Type           Power      Damage    Failure   Level
 Searing Ray              Conj           32%        2d5       4%          2
 Dazzling Flash           Conj/Hex       18%        N/A       24%         3
 Stone Arrow              Conj/Erth      18%        3d8       24%         3
 Fulminant Prism          Conj/Hex       4%         3d6       61%         4
 Iskenderun's Mystic Bla  Conj/Tloc      9%         2d4       61%         4
 Animate Armour           Summ/Erth      2%         N/A       87%         4
 Lehudib's Crystal Spear  Conj/Erth      4%         10d3      100%        8


Dungeon Overview and Level Annotations

Branches:
Dungeon (1/15)

Altars:


Message History

Aiming: Magic Dart (safe; 3% risk of failure)
Press: ? - help, Shift-Dir - straight line, f - jackal
Aim: a jackal (100% to hit)
The magic dart hits the jackal.
The jackal is heavily wounded.
Casting: Magic Dart (safe; 3% risk of failure)
Confirm with . or Enter, or press ? or * to list all spells.
You don't have enough magic to cast this spell.
You hit the jackal.
The jackal is severely wounded.
The jackal closely misses you. The jackal bites you.
You barely miss the jackal.
The jackal is severely wounded.
The jackal closely misses you.
You hit the jackal.
You kill the jackal!
The jackal closely misses you.
You hit the jackal but do no damage. The jackal bites you.
You hit the jackal but do no damage.
The jackal bites you but does no damage.
You hit the jackal but do no damage.
The jackal bites you but does no damage.
The jackal barely misses you.
You barely miss the jackal. The jackal bites you.
You barely miss the jackal. The jackal closely misses you.
The jackal bites you.
You barely miss the jackal. The jackal bites you.
You hit the jackal but do no damage. The jackal bites you.
You hit the jackal but do no damage. The jackal barely misses you.
The jackal bites you.
* * * LOW HITPOINT WARNING * * *
Casting: Magic Dart (safe; 3% risk of failure)
Confirm with . or Enter, or press ? or * to list all spells.
Aiming: Magic Dart (safe; 3% risk of failure)
Press: ? - help, Shift-Dir - straight line, f - jackal
Aim: a jackal (100% to hit)
The magic dart hits the jackal.
The jackal is heavily wounded.
The jackal bites you.
You die...

..... ...... ...... ......
....### ..J. ######h######
###.....P@....###
.................
....≈≈≈.PP≈≈§§.§.
≈≈≈≈≈≈≈..P≈≈≈§§§§
..≈≈≈≈≈≈≈≈≈≈≈≈P..≈≈§§§≈§ ≈≈≈§§...
≈≈≈≈≈#≈≈≈≈≈≈##'''##≈≈≈§≈≈#≈≈≈§≈≈.
≈#≈≈≈#≈≈≈≈###....P###≈≈≈≈#≈≈§#≈≈≈
≈#≈≈≈#≈≈≈##P..PP..P.##§§≈#≈§≈#≈≈≈
≈#≈≈≈#≈≈≈#P.P.PPP....#≈§≈#≈§§#≈≈≈


You could see an endoplasm and a jackal.

Vanquished Creatures
  2 jackals (D:1)
2 creatures vanquished.

Vanquished Creatures (others)
  A fungus (D:1)
1 creature vanquished.

Grand Total: 3 creatures vanquished

Notes
Turn   | Place    | Note
-------+----------+-------------------------------------------
     0 | D:1      | Insertrandomname the Human Conjurer began the quest for the
                  | Orb.
     0 | D:1      | Reached XP level 1. HP: 13/13 MP: 3/3
   224 | D:1      | Slain by a jackal

Illustrated notes

Levels and vault maps discovered:
D:1:      dpeg_arrival_water_fire, layout_basic, shapermc_ecumenical_altar_gd,
          minmay_door_square, minmay_misc_feat_pillars, hangedman_glass_teeth

Action                   || total
-------------------------++-------
Melee: Unarmed           ||    16
 Cast: Magic Dart        ||     4
Armor: Robe              ||     2
Dodge: Dodged            ||     6
